 Dungeon Crawl Stone Soup version 0.14-a0-1388-g200237c (webtiles) character file.

245 Psiweapon the Grave Robber (level 5, 0/42 HPs)
             Began as a Deep Dwarf Necromancer on Dec 9, 2013.
             Killed from afar by an orc wizard (10 damage)
             ... with a puff of frost
             ... on Level 3 of the Dungeon.
             The game lasted 00:13:26 (2429 turns).

Psiweapon the Grave Robber (Deep Dwarf Necromancer) Turns: 2429, Time: 00:13:27

HP   0/42        AC  2     Str 12      XL: 5   Next: 13%
MP   5/9         EV 13     Int 16      God:
Gold 91          SH  0     Dex 13      Spells:  2 memorised,  4 levels left

rFire  . . .     SeeInvis .     s - +0 sling
rCold  . . .     Clarity  .     a - +0 robe
rNeg   . . .     Conserve .     (no shield)
rPois  +         rCorr    .     (no helmet)
rElec  .         rRot     .     (no cloak)
SustAb . .       Spirit   .     (no gloves)
rMut   .         Warding  .     (no boots)
Saprov . . .     Stasis   .     (no amulet)
                                (no ring)
                                v - ring of poison resistance

@: non-regenerating, somewhat resistant to hostile enchantments, stealthy
A: damage resistance, recharge devices, sense surroundings 1, slow healing 3
a: Device Recharging


You were on level 3 of the Dungeon.
You were not hungry.

You visited 1 branch of the dungeon, and saw 3 of its levels.

You collected 91 gold pieces.

Inventory:

Hand weapons
 e - a +0,+0 whip
 s - a +0,+0 sling (weapon)
Missiles
 g - 3 silver darts
 t - 12 stones (quivered)
Armour
 a - a +0 robe (worn)
 q - a +0 leather armour
Magical devices
 c - a wand of heal wounds (4)
Comestibles
 d - a bread ration
 h - a lychee
 m - 4 meat rations
 r - 2 chunks of orc flesh
 u - an apple
 z - a chunk of goblin flesh
 B - a chunk of adder flesh
Scrolls
 f - a scroll of curse weapon {unknown}
 i - a scroll of recharging {unknown}
 j - a scroll of curse armour
 k - a scroll of fog {unknown}
 l - a scroll of teleportation
 n - 2 scrolls of enchant armour {unknown}
 o - a scroll of remove curse
 p - a scroll of noise {unknown}
 w - a scroll of identify {unknown}
 x - a scroll of curse jewellery {unknown}
Jewellery
 v - a ring of poison resistance (left hand)
Books
 b - a book of Necromancy

   Spells                             Type                      Level
   *Pain                              Necromancy                   1
   Animate Skeleton                   Necromancy                   1
   Lethal Infusion                    Charms/Necromancy            2
   *Vampiric Draining                 Necromancy                   3
   Regeneration                       Charms/Necromancy            3
   Animate Dead                       Necromancy                   4
   Control Undead                     Necromancy                   4


   Skills:
 + Level 2.2 Maces & Flails
 + Level 3.2 Dodging
 + Level 4.0 Stealth
 - Level 2.1 Spellcasting
 + Level 5.0 Necromancy


You had 4 spell levels left.
You knew the following spells:

 Your Spells              Type           Power        Failure   Level  Hunger
a - Pain                  Necr           ###.         2%          1    #......
b - Vampiric Draining     Necr           ###.......   10%         3    ####...


Dungeon Overview and Level Annotations

Branches:
Dungeon (3/16)

Altars:

Annotations:
D:3 Jessica


Innate Abilities, Weirdness & Mutations

You are resistant to damage.
You can recharge devices by infusing magical energy.
You passively map a small area around you.
You do not heal naturally.


Message History

The orc wizard convulses in agony!
The orc wizard glows brightly for a moment.
Casting: Pain
Confirm with . or Enter, or press ? or * to list all spells.
Aiming: Pain
Press: ? - help, Shift-Dir - straight line, f/p - orc wizard
Aim: an orc wizard, wielding an orcish dagger and wearing an orcish robe (moderately wounded, moving very quickly)
The orc wizard convulses in agony!
Jessica points at you and mumbles some strange words.
Pain shoots through your body!
* * * LOW HITPOINT WARNING * * *
Casting: Pain
Confirm with . or Enter, or press ? or * to list all spells.
Aiming: Pain
Press: ? - help, Shift-Dir - straight line, f/p - orc wizard
Aim: an orc wizard, wielding an orcish dagger and wearing an orcish robe (severely wounded, moving very quickly)
The orc wizard convulses in agony!
The orc wizard casts a spell at you. The puff of frost hits you!
You die...

* ###.....).#######
** * #######.# ,
##)## * * #...# #...#
, * * #...# , #...# ,
* * * #(####.).######
* * #.(..o...@....# *
...................**
, .............).#.#
* * ,,
o..####...###### , ,
,@ * #..)#* , .@... ,
,, ** #...>#. * * *
#....# * * , *...


You could see an orc wizard and Jessica.

Vanquished Creatures
  An orc wizard (D:3)
  7 adders
  A giant mite (D:2)
  A worm (D:2)
  An inept feature mimic (D:2)
  2 giant geckos
  4 orcs (D:3)
  A ball python (D:1)
  2 bats
  9 goblins
  2 hobgoblins
  3 jackals
  A giant newt (D:2)
  3 kobolds
  2 quokkas
  13 rats
53 creatures vanquished.

Notes
Turn   | Place    | Note
--------------------------------------------------------------
     0 | D:1      | Psiweapon, the Deep Dwarf Necromancer, began the quest for the Orb.
     0 | D:1      | Reached XP level 1. HP: 15/15 MP: 2/2
   308 | D:1      | Reached XP level 2. HP: 16/22 MP: 2/4
   830 | D:2      | Reached XP level 3. HP: 19/28 MP: 1/6
   890 | D:2      | Learned a level 3 spell: Vampiric Draining
   995 | D:2      | Reached skill level 1 in Maces & Flails
  1628 | D:2      | Reached XP level 4. HP: 29/36 MP: 0/7
  2217 | D:3      | Reached skill level 5 in Necromancy
  2239 | D:3      | Noticed Jessica
  2279 | D:3      | Reached XP level 5. HP: 23/42 MP: 0/9
  2429 | D:3      | Killed from afar by an orc wizard

Action                   |  1- 3 |  4- 6 || total
-------------------------+-------+-------++-------
Melee: Whip              |    43 |    59 ||   102
 Fire: Sling             |    26 |    26 ||    52
 Cast: Pain              |    32 |     9 ||    41
       Vampiric Draining |    14 |     8 ||    22
Evoke: Wand              |       |     1 ||     1
  Use: Scroll            |       |     3 ||     3
       Potion            |       |     2 ||     2
 Stab: Sleeping          |     2 |       ||     2
